 Dungeon Sprint DCSS version 0.27.1-34-g3ba077fa99 (webtiles) character file.

Game seed: 9717564440960018754

3397 Groucho the Covert (level 9, -2/49 HPs)
             Began as a Felid Wanderer on Jan 24, 2022.
             Was the Champion of Uskayaw.
             Slain by a wyvern (4 damage)
             ... in the Dungeon (Sprint IX: "|||||||||||||||||||||||||||||").
             The game lasted 00:04:06 (1136 turns).

Groucho the Covert (Felid Wanderer)                 Turns: 1136, Time: 00:04:06

Health: -2/49      AC:  2    Str: 12    XL:     9   Next: 75%
Magic:  22/22      EV: 26    Int: 16    God:    Uskayaw [******]
Gold:   31         SH:  0    Dex: 18    Spells: 25/25 levels left
                                        Lives:  0   Deaths: 2

rFire    . . .     SeeInvis +     - Unarmed
rCold    . . .     Faith    .   (shield unavailable)
rNeg     . . .     Spirit   .   (armour unavailable)
rPois    .         Reflect  .   (helmet unavailable)
rElec    .         Harm     .   (cloak unavailable)
rCorr    .         Rampage  .   (gloves unavailable)
Will     +....     NoTele   +   (boots unavailable)
Stlth    ++++++....             (no amulet)
HPRegen  0.16/turn              j - +3 ring of dexterity
MPRegen  0.18/turn              k - +3 ring of intelligence

@: lethally poisoned (-2 -> -3), quick
A: very small, claws 1, fangs 3, see invisible, speed 1, shaggy fur 2, stealthy
paws, no weapons or thrown items, no armour, multi-lived
a: Renounce Religion, Stomp, Line Pass, Grand Finale


You were in the Dungeon.
You worshipped Uskayaw.
Uskayaw was aware of your devotion.
You visited 1 branch You collected 31 gold pieces.

Inventory:

Jewellery
 j - a +3 ring of dexterity (left paw)
 k - a +3 ring of intelligence (right paw)
Wands
 i - a wand of iceblast (10)
Scrolls
 f - 3 scrolls of blinking
 h - 2 scrolls of amnesia
Potions
 a - a potion of curing
 b - a potion of flight
 c - a potion of haste
 d - 4 potions of magic
 e - a potion of berserk rage


   Skills:
 + Level 12.3 Fighting
 + Level 12.3 Dodging
 + Level 13.4 Stealth
 + Level 9.6 Unarmed Combat
 + Level 8.9 Spellcasting
 + Level 9.6 Invocations
 - Level 2.1 Evocations


You had 25 spell levels left.
You didn't know any spells.
Your spell library was empty.

Dungeon Overview and Level Annotations

Branches:
Dungeon (1/1)

Altars:
Cheibriados
Dithmenos
Elyvilon
Fedhas
Gozag
Hepliaklqana
Kikubaaqudgha
Makhleb
Nemelex Xobeh
Okawaru
Qazlal
Ru
Sif Muna
Trog
Uskayaw
Vehumet
Wu Jian
Xom
Yredelemnul
Zin
The Shining One
Beogh
Jiyva
Lugonu


Innate Abilities, Weirdness & Mutations

You have sharp claws.
You have razor-sharp teeth.
You have supernaturally acute eyesight. (SInv)
You cover ground quickly. (Speed+)
You are covered in thick fur. (AC +2)
Your paws help you pounce on unaware monsters.
You are incapable of wielding weapons or throwing items.
You cannot wear armour.
You gain extra lives every three experience levels.


Message History

You scratch the water moccasin. Your bite misses the water moccasin.
The water moccasin is moderately wounded.
The water moccasin bites you. x2
You are poisoned.
The water moccasin poisons you!
You scratch the water moccasin.
The water moccasin is heavily wounded.
You feel very sick. The water moccasin misses you.
You miss the water moccasin.
The water moccasin is heavily wounded.
You feel sick. The water moccasin barely misses you.
You closely miss the water moccasin.
The water moccasin is heavily wounded.
You feel sick. The water moccasin barely misses you.
You claw the water moccasin!
The water moccasin is almost dead.
You feel sick. The water moccasin barely misses you.
Unknown command.
You claw the water moccasin!
You kill the water moccasin!
You feel sick.
You claw the wyvern! You bite the wyvern, but do no damage.
The wyvern is severely wounded.
You feel sick. The wyvern completely misses you. The wyvern barely misses you.
You scratch the wyvern but do no damage.
You bite the wyvern, but do no damage.
The wyvern is severely wounded.
You feel sick. The wyvern completely misses you.
You scratch the wyvern but do no damage.
The wyvern is severely wounded.
You feel sick. The wyvern bites you.
* * * LOW HITPOINT WARNING * * *
Unknown command.
You completely miss the wyvern.
The wyvern is severely wounded.
You feel sick. The wyvern bites you.
* * * LOW HITPOINT WARNING * * *
The wyvern bites you.
You die...

▓▓▓▓▓▓▓▓▓▓▓▓▓▓▓▓ ................
▓▓▓▓▓▓▓▓▓▓▓▓▓▓▓▓▓▓▓▓▓▓▓▓
.....Sl@'............'..
▓▓▓▓▓▓▓▓▓▓▓▓▓▓▓▓▓▓▓▓▓▓▓▓
▓▓▓▓▓▓▓▓▓▓▓▓▓▓▓▓▓▓▓▓▓▓▓▓▓▓▓▓▓▓▓▓▓
_________________'..).[[[..)).†ce
▓▓▓▓▓▓▓▓▓▓▓▓▓▓▓▓▓▓▓▓▓▓▓▓▓▓▓▓▓▓▓▓▓


You could see a water moccasin and a wyvern.

Vanquished Creatures
  A hydra (D)
  A tengu warrior (D)
  An elephant (D)
  2 cane toads (D)
  A komodo dragon (D)
  A troll (D)
  A blink frog (D)
  A wyvern (D)
  4 vampire mosquitoes (D)
  2 water moccasins (D)
  A centaur (D)
  A kobold brigand (D)
  4 bullfrogs (D)
  A killer bee (D)
  A hound (D)
  An adder (D)
  An adder zombie (D)
  An orc (D)
  A ball python (D)
  A hobgoblin (D)
  A ball python skeleton (D)
  A ball python zombie (D)
  2 frilled lizards (D)
  A rat (D)
33 creatures vanquished.

Vanquished Creatures (others)
  A centaur (D)
1 creature vanquished.

Grand Total: 34 creatures vanquished

Notes
Turn   | Place    | Note
-------+----------+-------------------------------------------
     0 | D        | Groucho the Felid Wanderer began the quest for the Orb.
     0 | D        | Groucho set off with the following items: 3 potions of
                  | curing, a potion of heal wounds, a potion of haste, 2
                  | potions of magic, a potion of berserk rage, a scroll of
                  | blinking
     0 | D        | Reached XP level 1. HP: 15/15 MP: 2/2
    16 | D        | Reached skill level 1 in Dodging
    16 | D        | Reached skill level 1 in Stealth
    24 | D        | Reached skill level 1 in Unarmed Combat
    27 | D        | Reached skill level 1 in Spellcasting
   348 | D        | Noticed a hound
   357 | D        | Killed a hound
   358 | D        | Reached skill level 3 in Stealth
   358 | D        | Reached XP level 2. HP: 14/19 MP: 4/6
   358 | D        | Reached XP level 3. HP: 17/22 MP: 4/7
   364 | D        | Reached skill level 4 in Stealth
   390 | D        | Found a snail-covered altar of Cheibriados.
   390 | D        | Found a shadowy altar of Dithmenos.
   390 | D        | Found a white marble altar of Elyvilon.
   390 | D        | Found a blossoming altar of Fedhas.
   390 | D        | Found an opulent altar of Gozag.
   391 | D        | Found a hazy altar of Hepliaklqana.
   392 | D        | Found a viscous altar of Jiyva.
   393 | D        | Found an ancient bone altar of Kikubaaqudgha.
   394 | D        | Found a corrupted altar of Lugonu.
   395 | D        | Found a burning altar of Makhleb.
   396 | D        | Found a sparkling altar of Nemelex Xobeh.
   397 | D        | Found an iron altar of Okawaru.
   398 | D        | Found a stormy altar of Qazlal.
   399 | D        | Found a sacrificial altar of Ru.
   400 | D        | Found a shimmering blue altar of Sif Muna.
   401 | D        | Found a bloodstained altar of Trog.
   402 | D        | Found a hide-covered altar of Uskayaw.
   403 | D        | Found a radiant altar of Vehumet.
   404 | D        | Found an ornate altar of the Wu Jian Council.
   405 | D        | Found a shimmering altar of Xom.
   406 | D        | Found a basalt altar of Yredelemnul.
   407 | D        | Found a glowing silver altar of Zin.
   408 | D        | Found a glowing golden altar of the Shining One.
   410 | D        | Became a worshipper of Uskayaw the Reveller
   435 | D        | Noticed a centaur
   435 | D        | Noticed a centaur
   435 | D        | Noticed a killer bee
   435 | D        | Noticed a kobold brigand
   435 | D        | Noticed a vampire mosquito
   440 | D        | Reached * piety under Uskayaw
   444 | D        | Killed a centaur
   445 | D        | Reached skill level 1 in Invocations
   445 | D        | Reached XP level 4. HP: 21/27 MP: 7/9
   447 | D        | Reached ** piety under Uskayaw
   449 | D        | Reached *** piety under Uskayaw
   450 | D        | Killed a centaur
   451 | D        | Reached skill level 5 in Dodging
   451 | D        | Reached skill level 6 in Stealth
   451 | D        | Reached XP level 5. HP: 22/31 MP: 7/11
   451 | D        | Reached **** piety under Uskayaw
   461 | D        | Reached ***** piety under Uskayaw
   462 | D        | Reached skill level 7 in Stealth
   462 | D        | Reached skill level 5 in Unarmed Combat
   462 | D        | Gained mutation: You are covered in thick fur. (AC +2)
                  | [Felid growth]
   462 | D        | Reached XP level 6. HP: 12/35 MP: 8/13
   464 | D        | Killed a vampire mosquito
   465 | D        | Reached skill level 8 in Stealth
   465 | D        | Reached skill level 5 in Spellcasting
   469 | D        | Reached skill level 5 in Invocations
   472 | D        | Noticed a tengu warrior
   472 | D        | Noticed a centaur warrior
   472 | D        | Noticed a troll
   472 | D        | Noticed a vampire mosquito
   472 | D        | Noticed a tarantella
   472 | D        | Noticed a deep elf pyromancer
   474 | D        | Slain by a tengu warrior
   475 | D        | Reached XP level 5. HP: -1/31 MP: 10/13
   481 | D        | Noticed a komodo dragon
   482 | D        | Killed a vampire mosquito
   483 | D        | Reached skill level 10 in Fighting
   483 | D        | Killed a troll
   484 | D        | Reached skill level 9 in Stealth
   484 | D        | Reached XP level 6. HP: 20/36 MP: 9/15
   484 | D        | Reached ****** piety under Uskayaw
   487 | D        | Killed a tengu warrior
   488 | D        | Reached skill level 10 in Stealth
   488 | D        | Reached XP level 7. HP: 9/40 MP: 6/18
   490 | D        | Slain by a centaur warrior
   491 | D        | Reached XP level 6. HP: 0/36 MP: 6/16
   526 | D        | Noticed a vampire mosquito
   529 | D        | Noticed a blink frog
   530 | D        | Noticed a cane toad
   533 | D        | Reached XP level 7. HP: 35/40 MP: 18/18
   534 | D        | Killed a vampire mosquito
   535 | D        | Reached skill level 10 in Dodging
   535 | D        | Noticed a vampire mosquito
   545 | D        | Killed a cane toad
   546 | D        | Reached skill level 11 in Stealth
   548 | D        | Reached XP level 8. HP: 22/45 MP: 19/19
   570 | D        | Killed a blink frog
  1095 | D        | Noticed a komodo dragon
  1095 | D        | Noticed an elephant
  1095 | D        | Noticed a cane toad
  1095 | D        | Noticed a seven-headed hydra
  1103 | D        | Killed a seven-headed hydra
  1104 | D        | Reached skill level 12 in Stealth
  1104 | D        | Reached XP level 9. HP: 36/49 MP: 20/22
  1111 | D        | Killed a cane toad
  1112 | D        | Reached skill level 13 in Stealth
  1120 | D        | Killed an elephant
  1122 | D        | Killed a komodo dragon
  1136 | D        | HP: 2/49 [wyvern (4)]
  1136 | D        | Slain by a wyvern

Illustrated notes

Levels and vault maps discovered:
D:        linesprint [early_d, line_temple, items_1, d_10, items_2, lair_1,
          lair_end, items_3, orc_1, orc_end, items_4, d_15, swamp_1, shoals_1,
          snake_1, spider_1, d_20, vaults_1, items_5, swamp_end, shoals_end,
          snake_end, spider_end, vaults_end, d_27, items_6, zot_1, zot_end,
          crypt_end, forest_end, elf_end, slime_end, tomb_end, abyss_end,
          pan_hell_end]

Skill      XL: |  1  2  3  4  5  6  7  8  9 |
---------------+----------------------------+-----
Dodging        | 3 4 5 8 9 10 11 12 | 12.3
Stealth        | 3 4 6 9 10 11 12 13 | 13.4
Unarmed Combat | 2 3 4 6 7 8 9 |  9.6
Spellcasting   | 2 3 4 6 7 8 |  8.9
Invocations    | 1 3 6 7 8 9 |  9.6
Fighting       | 9 10 11 12 | 12.3
Evocations     | |  2.1

Action                   |  1- 3 |  4- 6 |  7- 9 || total
-------------------------+-------+-------+-------++-------
Melee: Unarmed           |    64 |    28 |    72 ||   164
       Bite              |     6 |     4 |    10 ||    20
       Punch             |       |       |     2 ||     2
Invok: Line Pass         |       |     2 |     2 ||     4
  Use: Potion            |     3 |     4 |     3 ||    10
 Stab: Paralysed         |       |     3 |     6 ||     9
       Invisible         |       |     5 |       ||     5
Armor: Skin              |     2 |     1 |     2 ||     5
Dodge: Dodged            |    56 |    36 |    67 ||   159
